 Dungeon Crawl Stone Soup version 0.27-a0-652-g2d5cf1dcd3 (webtiles) character file.

Game seed: 12704167500404511607

5 Allula97 the Vexing (level 1, -3/13 HPs)
             Began as a Demonspawn Enchanter on Mar 16, 2021.
             Slain by a kobold
             ... wielding a +0 dagger
              (6 damage)
             ... on level 1 of the Dungeon.
             The game lasted 00:00:21 (54 turns).

Allula97 the Vexing (Demonspawn Enchanter)            Turns: 54, Time: 00:00:22

Health: -3/13      AC:  2    Str:  8    XL:     1   Next: 66%
Magic:  2/3        EV: 12    Int: 16    God:
Gold:   0          SH:  0    Dex: 13    Spells: 3/4 levels left

rFire    . . .     SeeInvis .   a - +1 dagger
rCold    . . .     Faith    .   (no shield)
rNeg     . . .     Spirit   .   b - +0 robe
rPois    .         Reflect  .   (no helmet)
rElec    .         Harm     .   (no cloak)
rCorr    .         Rampage  .   (no gloves)
Will     .....                  (no boots)
Stlth    ++........             (no amulet)
HPRegen  0.04/turn              (no ring)
MPRegen  0.08/turn              (no ring)

@: no status effects
A: no striking features
a: no special abilities


You were on level 1 of the Dungeon.
You visited 1 branch of the dungeon, and saw 1 of its levels.

Inventory:

Hand Weapons
 a - a +1 dagger (weapon)
Armour
 b - a +0 robe (worn)


   Skills:
 * Level 0.1 Fighting
 * Level 0.9 Short Blades
 * Level 0.1 Armour
 * Level 1.8 Dodging
 * Level 2.9 Stealth
 + Level 2.0 Spellcasting
 + Level 3.0 Hexes


You had 3 spell levels left.
You knew the following spells:

 Your Spells              Type           Power      Damage    Failure   Level
a - Corona                Hex            12%        N/A       6%          1

Your spell library contained the following spells:

 Spells                   Type           Power      Damage    Failure   Level
 Ensorcelled Hibernation  Hex/Ice        12%        N/A       17%         2
 Confusing Touch          Hex            11%        N/A       19%         3
 Tukima's Dance           Hex            11%        N/A       19%         3
 Dazzling Flash           Conj/Hex       12%        N/A       32%         3


Dungeon Overview and Level Annotations

Branches:
Dungeon (1/15)

Altars:


Message History

The helpless leopard gecko fails to defend itself.
You puncture the leopard gecko!
You kill the leopard gecko!
A bat, a kobold and a dart slug come into view.
The kobold shouts!
The bat barely misses you.
You closely miss the bat. The bat barely misses you.
You closely miss the bat. The bat misses you. The bat barely misses you.
The dart slug misses you. The bat barely misses you.
You hit the dart slug.
The dart slug is moderately wounded.
The bat closely misses you.
You hit the dart slug but do no damage.
The dart slug is moderately wounded.
The bat hits you. The dart slug closely misses you. The bat hits you.
You hit the dart slug.
The dart slug is heavily wounded.
The bat misses you. The bat hits you but does no damage.
The dart slug launches a dart at you. The slug dart hits you.
You hit the dart slug.
The dart slug is severely wounded.
The bat closely misses you.
You hit the dart slug but do no damage.
The dart slug is severely wounded.
The bat completely misses you. The dart slug closely misses you.
You hit the dart slug.
You kill the dart slug!
The bat misses you.
The kobold throws a stone.
The stone barely misses you.
You hit the bat.
You kill the bat!
The kobold throws a stone.
The stone closely misses you.
The kobold barely resists.
The kobold throws a stone.
The stone hits you. The kobold barely misses you.
You see here a bat corpse.
You hit the kobold but do no damage. The kobold hits you with a +0 dagger.
* * * LOW HITPOINT WARNING * * *
You closely miss the kobold. The kobold hits you with a +0 dagger.
You die...

#..####.
##...#.. ### ..
###..## ... #.#
#..## ..#
#...#####.#. ..
..#..##... #.
....##.##
#####.####
#..#..#
#..?..K@.#
#.#.##
#.......## #...#
#.......# #.###
#######.#####
###..#
##.....####...##
#.........#.###
#.......#...#
#.......#####
#....†..#


You could see a kobold.

Vanquished Creatures
  A dart slug (D:1)
  A leopard gecko (D:1)
  A bat (D:1)
3 creatures vanquished.

Notes
Turn   | Place    | Note
-------+----------+-------------------------------------------
     0 | D:1      | Allula97 the Demonspawn Enchanter began the quest for the
                  | Orb.
     0 | D:1      | Reached XP level 1. HP: 13/13 MP: 3/3
    54 | D:1      | Slain by a kobold

Illustrated notes

Levels and vault maps discovered:
D:1:      lemuel_arrival_tunnels, layout_basic, serial_bayou_pond_d,
          minmay_tetromino_l2

Action                   || total
-------------------------++-------
Melee: Dagger            ||    12
 Cast: Corona            ||     1
 Stab: Sleeping          ||     1
Armor: Robe              ||     1
Dodge: Dodged            ||    16

Table legend: (Time is in decaauts)
 A = Elapsed time spent in this place.
 B = Non-inter-level travel time spent in this place.
 C = Inter-level travel time spent in this place.
 D = Time resting spent in this place.
 E = Time spent auto-exploring this place.
 F = Levels seen in this place.
 G = Mean time per level.
                   A        B        C        D        E       F      G
               +--------+--------+--------+--------+--------+-----+--------+
         Total |     53 |     53 |      0 |      0 |     32 |   1 |   53.0 |
       Dungeon |     53 |     53 |      0 |      0 |     32 |   1 |   53.0 |
               +--------+--------+--------+--------+--------+-----+--------+

Top non-repeatable levels by time:
     D:1: 53 daAuts
